 Dungeon Crawl Stone Soup version 0.29.1-2-gbd0b4ee654 (webtiles) character file.

Game seed: 3073751182072494974

431822 GeoRichter the Bewitcher (level 22, -12/118 HPs)
             Began as a Spriggan Hunter on Nov 4, 2022.
             Was the Champion of Dithmenos.
             Killed from afar by Margery (40 damage)
             ... with a fireball
             ... on level 4 of the Vaults.
             The game lasted 02:21:21 (46974 turns).

GeoRichter the Bewitcher (Spriggan Hunter)         Turns: 46974, Time: 02:21:22

Health: -12/118    AC: 10    Str: 21    XL:     22   Next: 85%
Magic:  39/44      EV: 57    Int: 18    God:    Dithmenos [******]
Gold:   3288       SH:  0    Dex: 45    Spells: 32/55 levels left

rFire   + . .      SeeInvis +   a - +6 arbalest "Q" {elec, *Corrode +Blink rN+ Int+3}
rCold   + + .      Faith    .   (shield currently unavailable)
rNeg    + . .      Spirit   .   D - +1 acid dragon scales
rPois   +          Reflect  .   I - +2 hat
rElec   .          Harm     .   n - scarf {rC+ rF+}
rCorr   +          Rampage  .   (gloves unavailable)
Will    +++..                   (boots unavailable) Stlth ******++++
                                M - amulet of Pebbo {RegenMP Str+7 Int-3 Dex+4}
HPRegen 0.29/turn               t - ring "Hesess" {rPois rC+ EV+4 Str+5 Dex+8}
MPRegen 0.69/turn               c - ring "Ryqaih" {Int+6 Dex+7}

@: death channelling, wreathed by umbra, studying 2 skills, very quick
A: very small, no large weapons, unfitting armour, see invisible, speed 3
}: 2/15 runes: decaying, gossamer
a: Renounce Religion, Evoke Blink, Shadow Step, Shadow Form


You were on level 4 of the Vaults.
You worshipped Dithmenos.
Dithmenos was exalted by your worship.
You visited 8 branches of the dungeon, and saw 38 of its levels.
You visited 1 bazaar.
You also visited: Sewer, Ice Cave and Volcano.

You collected 5675 gold pieces.
You spent 2387 gold pieces at shops.

Inventory:

Hand Weapons
 a - the +6 arbalest "Q" (weapon) {elec, *Corrode +Blink rN+ Int+3}
   (You acquired it on level 1 of the Lair of Beasts)

   Any ammunition fired from it occasionally discharges a powerful burst of
   electricity upon striking a foe.
   Int:       It affects your intelligence (+3).
   rN:        It protects you from negative energy.
   +Blink:    It lets you blink.
   *Corrode:  It may corrode you when you take damage.
 b - a +9 quick blade of draining
   (You took it off a deep elf blademaster on level 3 of the Elven Halls)
 B - a +1 arbalest of freezing
   (You took it off a yaktaur on level 1 of the Vaults)
 N - the +10 short sword of Severance {flame, MP-9 Int+6 Stlth+}
   (You found it on level 3 of the Elven Halls)

   It burns those it strikes, dealing additional fire damage.
   Int:       It affects your intelligence (+6).
   MP:        It affects your magic capacity (-9).
   Stlth:     It makes you more stealthy.
Armour
 i - a +1 buckler of poison resistance
   (You took it off a tengu reaver on level 3 of the Vaults)
 m - +0 pearl dragon scales
   (You acquired it on level 15 of the Dungeon)
 n - a scarf of resistance (worn)
   (You found it on level 2 of the Dungeon)
 D - +1 acid dragon scales (worn)
   (You found it on level 8 of the Dungeon)
 G - the +2 robe of Omog Hash {rElec rN+}
   (You took it off a deep elf knight on level 2 of the Elven Halls)

   rElec:     It insulates you from electricity.
   rN:        It protects you from negative energy.
 H - a +2 buckler
   (You took it off a gnoll sergeant on level 10 of the Dungeon)
 I - a +2 hat (worn)
   (You took it off Gastronok on level 12 of the Dungeon)
Jewellery
 c - the ring "Ryqaih" (right hand) {Int+6 Dex+7}
   (You found it on level 12 of the Dungeon)

   [ring of intelligence]

   Int:       It affects your intelligence (+6).
   Dex:       It affects your dexterity (+7).
 h - an amulet of regeneration
   (You found it on level 3 of the Lair of Beasts)
 s - a +4 ring of slaying
   (You found it on level 3 of the Dungeon)
 t - the ring "Hesess" (left hand) {rPois rC+ EV+4 Str+5 Dex+8}
   (You took it off a deep elf blademaster on level 3 of the Elven Halls)

   [ring of evasion]

   EV:        It affects your evasion (+4).
   Str:       It affects your strength (+5).
   Dex:       It affects your dexterity (+8).
   rC:        It protects you from cold.
   rPois:     It protects you from poison.
 M - the amulet of Pebbo (around neck) {RegenMP Str+7 Int-3 Dex+4}
   (You took it off a deep elf demonologist on level 3 of the Elven Halls)

   [amulet of magic regeneration]

   It increases your rate of magic regeneration.
   Str:       It affects your strength (+7).
   Int:       It affects your intelligence (-3).
   Dex:       It affects your dexterity (+4).
 P - a ring of protection from fire
   (You found it on level 4 of the Vaults)
 X - the ring of Tomorrow {rElec rN+ SInv}
   (You took it off a deep elf death mage on level 3 of the Elven Halls)

   [ring of see invisible]

   rElec:     It insulates you from electricity.
   rN:        It protects you from negative energy.
   SInv:      It lets you see invisible.
Wands
 z - a wand of light (18)
   (You found it on level 7 of the Dungeon)
 C - a wand of paralysis (25)
   (You took it off Maurice on level 8 of the Dungeon)
 Q - a wand of digging (2)
   (You found it on level 4 of the Swamp)
 Y - a wand of mindburst (21)
   (You found it on level 14 of the Dungeon)
Scrolls
 o - 9 scrolls of vulnerability {!r}
 p - 8 scrolls of poison {!r}
 q - 5 scrolls of summoning
 r - 15 scrolls of teleportation {@r4}
 y - 9 scrolls of fog
 A - 3 scrolls of blinking
 E - 5 scrolls of fear
 F - 4 scrolls of silence
 K - 8 scrolls of amnesia
 T - 6 scrolls of immolation {!r}
 V - 4 scrolls of enchant armour
Potions
 d - 7 potions of magic
 e - 9 potions of mutation {!q}
 f - 7 potions of might
 g - 5 potions of heal wounds {@q2}
 j - 14 potions of curing {@q1}
 k - 6 potions of flight
 l - 7 potions of lignification {!q}
 u - 3 potions of haste {@q3}
 v - 5 potions of attraction {!q}
 w - 12 potions of ambrosia
 x - 2 potions of brilliance
 J - 6 potions of cancellation
 R - 2 potions of invisibility
 U - 3 potions of resistance
 W - 4 potions of berserk rage
Miscellaneous
 L - a condenser vane (inert)
   (You found it on level 2 of the Lair of Beasts)
 O - a lightning rod (4/4) {!a}
   (You found it on level 2 of the Elven Halls)
 S - a phantom mirror (inert)
   (You found it on level 3 of the Elven Halls)
 Z - a phial of floods
   (You found it on level 15 of the Dungeon)


   Skills:
 - Level 13.1 Fighting
 - Level 8.0 Short Blades
 - Level 18.0 Ranged Weapons
 - Level 7.0 Armour
 - Level 17.7 Dodging
 - Level 18.0 Stealth
 * Level 3.5 Shields
 - Level 17.0 Spellcasting
 - Level 19.0 Hexes
 * Level 13.3 Necromancy
 - Level 16.0 Evocations


You had 32 spell levels left.
You knew the following spells:

 Your Spells              Type           Power      Damage    Failure   Level
a - Confusing Touch       Hex            70%        N/A       0%          3
b - Enfeeble              Hex            35%        N/A       1%          7
c - Blink                 Tloc           30%        N/A       7%          2
d - Yara's Violent Unrav  Hex/Tmut       24%        3d11      2%          5
e - Death Channel         Necr           29%        N/A       3%          6

Your spell library contained the following spells:

 Spells                   Type           Power      Damage    Failure   Level
 Slow                     Hex            100%       N/A       0%          1
 Necrotise                Necr           100%       1d9       1%          1
 Ensorcelled Hibernation  Hex/Ice        98%        N/A       1%          2
 Dazzling Flash           Conj/Hex       98%        N/A       1%          3
 Inner Flame              Hex/Fire       49%        N/A       1%          3
 Summon Guardian Golem    Hex/Summ       49%        N/A       1%          3
 Vampiric Draining        Necr           58%        2d10      1%          3
 Anguish                  Hex/Necr       32%        N/A       1%          4
 Dispel Undead            Necr           58%        3d21      1%          4
 Agony                    Necr           58%        N/A       1%          5
 Metabolic Englaciation   Hex/Ice        24%        N/A       2%          5
 Silence                  Hex/Air        24%        N/A       2%          5
 Foxfire                  Conj/Fire      60%        2x1d7     4%          1
 Freeze                   Ice            60%        1d8       4%          1
 Sandblast                Erth           30%        2d9       4%          1
 Summon Small Mammal      Summ           60%        N/A       4%          1
 Call Imp                 Summ           15%        N/A       7%          2
 Passwall                 Tmut/Erth      12%        N/A       7%          2
 Scorch                   Fire           30%        2d6       7%          2
 Static Discharge         Conj/Air       15%        3-5/arc   7%          2
 Corpse Rot               Necr/Pois/Air  31%        N/A       8%          4
 Discord                  Hex            35%        N/A       13%         8
 Call Canine Familiar     Summ           15%        N/A       14%         3
 Conjure Flame            Conj/Fire      15%        6-21      14%         3
 Gell's Gravitas          Tloc           15%        N/A       14%         3
 Lesser Beckoning         Tloc           15%        N/A       14%         3
 Ozocubu's Armour         Ice            15%        N/A       14%         3
 Spider Form              Tmut/Pois      15%        N/A       14%         3
 Stone Arrow              Conj/Erth      30%        3d8       14%         3
 Teleport Other           Tloc           15%        N/A       14%         3
 Flame Wave               Conj/Fire      15%        2d7       43%         4
 Iskenderun's Mystic Bla  Conj/Tloc      15%        2d5       43%         4
 Sticky Flame             Conj/Fire      15%        2d4       43%         4
 Summon Ice Beast         Ice/Summ       15%        N/A       43%         4
 Simulacrum               Ice/Necr       19%        N/A       43%         6
 Fireball                 Conj/Fire      7%         3d5       78%         5
 Freezing Cloud           Conj/Ice/Air   7%         6-21      78%         5
 Iskenderun's Battlesphe  Conj           15%        2d7       78%         5
 Lightning Bolt           Conj/Air       7%         1d20      78%         5
 Manifold Assault         Tloc           15%        N/A       78%         5
 Haunt                    Necr/Summ      19%        N/A       95%         7
 Conjure Ball Lightning   Conj/Air       7%         3x3d6     100%        6
 Iron Shot                Conj/Erth      7%         9d2       100%        6
 Starburst                Conj/Fire      7%         6d4       100%        6
 Statue Form              Tmut/Erth      10%        N/A       100%        6
 Summon Cactus Giant      Summ           7%         N/A       100%        6
 Orb of Destruction       Conj           7%         9d6       100%        7
 Ozocubu's Refrigeration  Ice            7%         4d9       100%        7
 Spellforged Servitor     Conj/Summ      7%         N/A       100%        7
 Storm Form               Tmut/Air       7%         N/A       100%        7
 Disjunction              Tloc           7%         N/A       100%        8
 Maxwell's Capacitive Co  Air            7%         ∞         100%        8
 Necromutation            Tmut/Necr      19%        N/A       100%        8
 Chain Lightning          Conj/Air       7%         3d10      100%        9
 Fire Storm               Conj/Fire      7%         8d2       100%        9
 Shatter                  Erth           7%         3d10*     100%        9


Dungeon Overview and Level Annotations

Branches:
Dungeon (15/15) Zot: 26144  Temple (1/1) D:6 Zot: 5924    Lair (5/5) D:9 Zot: 25687
  Swamp (4/4) Lair:3 Zot: 21679  Spider (4/4) Lair:2 Zot: 20377   Slime (0/5) Lair:5
    Orc (2/2) D:12 Zot: 10484     Elf (3/3) Orc:2 Zot: 14581  Vaults (4/5) D:13 Zot: 18098
  Crypt (0/3) Vaults:2     Depths (0/4) D:15          Sewer (visited)
  IceCv (visited)         Volcano (visited)

Altars:
Ashenzari
Cheibriados
Dithmenos
Elyvilon
Fedhas
Hepliaklqana
Kikubaaqudgha
Makhleb
Nemelex Xobeh
Okawaru
Qazlal
Ru
Sif Muna
Trog
Uskayaw
Vehumet
Wu Jian
Xom
Yredelemnul
Zin
The Shining One
Jiyva

Shops:
D:1 ?   D:8 :   Orc:2 *[:(   Elf:1 :   Elf:2 *   Elf:3 =   Vaults:3 [((*

Annotations:
D:13 1 runed translucent door, bogdani's ghost, journeyman HOBe
Elf:1 Roxanne
Vaults:3 3 runed translucent doors, Hargh's ghost, adept MiBe
Vaults:4 Margery


Innate Abilities, Weirdness & Mutations

You are very small and have problems with some larger weapons.
You are too small for most types of armour.
You have supernaturally acute eyesight. (SInv)
You cover ground extremely quickly. (Speed+++)


Message History

The bolt of fire hits you! You resist.
The hell knight is struck by lightning.
The hell knight mumbles some strange prayers to its god against you.
The bolt of fire hits the hell knight.
The hell knight completely resists.
The bolt of fire misses you.
The hell knight utters an invocation to its god.
The hell knight seems to speed up.
Margery is struck by lightning.
Margery is lost in a daze.
The hell knight calls down the wrath of its god upon you.
The bolt of fire misses you.
The hell knight is struck by lightning.
Margery is struck by lightning.
Aim: Margery, wielding a +1 demon whip and wearing +2 fire dragon scales (thunder, moderately wounded, blind, dazed, weak, magic disrupted, umbra)
You reflect Margery with the mirror!
The mirror clouds!
The hell knight is struck by lightning.
The hell knight utters an invocation to its god.
The hell knight blinks!
The hell knight completely misses you.
Margery is lost in a daze.
The hell knight is struck by lightning.
You shoot a bolt. The bolt hits the hell knight!!!
You kill the hell knight!
Dithmenos accepts your kill.
A glowing mist starts to gather...
You shoot a bolt. The bolt hits the hell knight.
Lightning courses through the hell knight!
Your shadow shoots a bolt.
The bolt hits the hell knight.
Margery's magic is no longer disrupted.
Margery is no longer dazed.
Margery is no longer blind.
Margery is no longer weakened.
The hell knight completely misses you.
The hell knight hits Margery with a +5 battleaxe of pain.
Margery writhes in agony.
Margery hits the hell knight with a +1 demon whip!!
The hell knight completely misses you.
The hell knight hits Margery with a +2 battleaxe.
The hell knight is struck by lightning.
You shoot a bolt. The bolt hits the hell knight!!
You kill the hell knight!
Dithmenos accepts your kill.
Your shadow shoots a bolt.
A glowing mist starts to gather...
Margery shimmers and vanishes!
Margery's magic is no longer disrupted.
Margery is no longer dazed.
Margery is no longer blind.
Margery is no longer weakened.
The hell knight hits you with a +2 battleaxe!!
* * * LOW HITPOINT WARNING * * *
The hell knight hits your spectral hell knight with a +2 battleaxe.
The hell knight is struck by lightning.
Your spectral hell knight hits the hell knight!
Your spectral hell knight drains the hell knight.
The hell knight prays to its god.
The hell knight seems to speed up.
Margery points at you and mumbles some strange words.
The fireball explodes!
The fireball engulfs you!!! You resist.
You die...

#..§§§.?...###+###'##.....
#..§§§§§§§.#........#.....
#....§§§§§.#........#.....
#....§§§§§.#........#.....
#....)..Z..#........#.....
#......@...#........#.....
......Zp.p.#).......#.....
...........##+#######.....
.........@................
..........................
..........................
...........$..............
..........................
..........................
#########################
# ### ######


You could see Margery, 2 hell knights and 2 friendly spectral hell knights.

Vanquished Creatures
  Mara (Vaults:3)
  Mennas (Vaults:3)
  Sojobo (Vaults:3)
  Bai Suzhen (Spider:4)
  A golden dragon (Vaults:2)
  Jory (Vaults:4)
  Arachne (Spider:2)
  Zenata (Vaults:3)
  A lich (Vaults:3)
  Rupert (D:12)
  2 deep elf master archers (Elf:3)
  3 deep elf blademasters
  3 sphinxes
  Kirke (Swamp:4)
  2 thorn hunters
  Gastronok (D:12)
  2 tengu reavers (Vaults:3)
  A storm dragon (Vaults:3)
  A fire giant (Vaults:1)
  3 frost giants (IceCv)
  3 ghost moths
  2 orc warlords
  6 emperor scorpions
  5 deep elf sorcerers
  8 vault wardens
  Louise (Swamp:1)
  7 ironbound preservers
  A war gargoyle (Vaults:4)
  2 deep elf elementalists (Elf:3)
  2 broodmothers (Spider:3)
  A stone giant (D:15)
  5 very ugly things (Vaults:3)
  5 deep elf annihilators (Elf:3)
  8 ironbound thunderhulks
  5 entropy weavers
  3 deep elf demonologists (Elf:3)
  A white draconian (IceCv)
  6 eleionomae
  4 bunyips
  3 dire elephants (Vaults:2)
  6 spark wasps
  Snorg (Orc:1)
  6 deep elf death magi
  2 crystal guardians
  2 ettins
  2 great orbs of eyes
  A fire dragon (Swamp:4)
  A yaktaur captain (Vaults:2)
  3 deep elf high priests
  6 ice dragons
  An ice dragon (shapeshifter) (Vaults:2)
  14 hydras
  3 vault guards (Vaults:3)
  2 ogre magi
  6 boulder beetles
  3 ghost crabs
  3 jorogumos
  2 peacekeepers
  9 centaur warriors
  3 radroaches
  19 ironbound frosthearts
  5 alligators
  9 two-headed ogres
  A death scarab (Spider:3)
  5 orc high priests (Orc:2)
  2 tengu warriors (D:15)
  30 dancing weapons
  13 death yaks
  21 deep elf knights
  2 hell knights (Vaults:4)
  17 spriggans
  A soul eater (Vaults:2)
  An iron troll (D:13)
  A fire crab (shapeshifter) (D:14)
  10 skeletal warriors
  6 pharaoh ants
  3 sun moths
  4 spriggan druids
  2 goliath frogs
  2 steelbarb worms
  Pikel (D:4)
  22 deep trolls
  10 orb spiders
  9 swamp dragons
  15 ironbound convokers
  3 bog bodies
  6 wizards
  14 lindwurms
  An orange crystal statue (IceCv)
  A necromancer (D:13)
  11 deep elf archers
  A harpy (Vaults:3)
  32 deep elf pyromancers
  34 ugly things
  4 orc sorcerers
  38 deep elf zephyrmancers
  2 spectral boulder beetles (D:12)
  17 wolf spiders
  7 orc knights
  2 moths of wrath
  8 cyclopes
  5 will-o-the-wisps
  3 manticores
  9 elephants
  5 centaur zombies (D:12)
  A black mamba (Lair:5)
  2 guardian serpents
  5 centaur skeletons (D:12)
  2 ice statues (Spider:1)
  A torpor snail (Spider:1)
  Maurice (D:8)
  13 vault sentinels
  A gargoyle (D:9)
  3 molten gargoyles (Volcano)
  A cane toad (shapeshifter) (D:8)
  6 demonic crawlers
  A rime drake (shapeshifter) (D:14)
  13 rime drakes
  19 cane toads
  8 efreet
  3 freezing wraiths
  A komodo dragon (shapeshifter) (D:14)
  12 komodo dragons
  20 yaktaurs
  5 trolls
  A burning bush (Lair:1)
  21 hornets
  A polar bear (shapeshifter) (D:14)
  9 polar bears
  3 meliai (D:13)
  A queen bee (Lair:2)
  30 tarantellas
  13 tyrant leeches
  27 blink frogs
  25 slime creatures
  3 air elementals (Elf:3)
  11 flying skulls (D:12)
  6 shadows
  2 spectral black mambas (D:12)
  Sigmund (D:2)
  2 culicivoras (shapeshifter)
  30 jumping spiders
  2 centaur simulacra (D:14)
  28 culicivoras
  2 water elementals
  2 vampires (D:12)
  8 fire elementals
  12 wraiths
  36 yaks
  3 fire bats (Orc:1)
  18 vampire mosquitoes
  11 wyverns
  6 basilisks
  59 redbacks
  5 hogs (Swamp:4)
  A warg (shapeshifter) (D:14)
  17 swamp worms
  6 wargs
  2 hell hounds (D:12)
  An acid dragon (D:8)
  18 water moccasins
  9 ice beasts
  4 black bears
  8 swamp drakes
  A sky beast (D:8)
  11 ogres
  34 orc warriors
  3 wolves (Lair:2)
  A boulder beetle simulacrum (D:12)
  5 boggarts (Vaults:2)
  5 centaurs
  A phantom (D:5)
  3 lemures (D:4)
  A kobold brigand (D:9)
  Blork the orc (D:4)
  19 bullfrogs
  4 gnoll sergeants
  5 earth elementals
  A necrophage (D:8)
  4 scorpions
  3 wights
  2 troll zombies (D:12)
  36 killer bees
  4 electric eels
  6 howler monkeys
  28 orc priests
  5 jellies
  3 gnoll boudas
  A hound (D:4)
  A jelly (shapeshifter) (D:14)
  2 iguanas
  29 orc wizards
  A merfolk siren (Sewer)
  3 hell rats
  A merfolk avatar (Sewer)
  6 ogre zombies (D:12)
  33 gnolls
  10 adders
  5 river rats
  A shadow imp (D:8)
  4 white imps
  4 dart slugs
  80 orcs
  5 ball pythons
  8 bats
  3 endoplasms
  3 giant cockroaches
  10 goblins
  8 hobgoblins
  8 kobolds
  3 quokkas
  7 frilled lizards (Sewer)
  2 goblin skeletons (D:12)
  2 goblin zombies (D:12)
  2 hobgoblin skeletons (D:12)
  2 hobgoblin zombies (D:12)
  4 orc skeletons (D:12)
  13 orc zombies (D:12)
  31 rats
  6 fire vortices
1643 creatures vanquished.

Vanquished Creatures (collateral kills)
  A deep troll (Vaults:4)
1 creature vanquished.

Vanquished Creatures (others)
  A deep elf pyromancer (Elf:3)
  2 deep elf zephyrmancers (Elf:2)
  A will-o-the-wisp (Swamp:2)
  A human (Swamp:4)
  A hell rat (D:12)
  3 foxfires (Swamp:2)
  19 fungi
  84 plants
112 creatures vanquished.

Grand Total: 1756 creatures vanquished

Notes
Turn   | Place    | Note
-------+----------+-------------------------------------------
     0 | D:1      | GeoRichter the Spriggan Hunter began the quest for the Orb.
     0 | D:1      | Reached XP level 1. HP: 10/10 MP: 2/2
   109 | D:1      | Reached XP level 2. HP: 14/14 MP: 3/3
   506 | D:1      | Found Lamadito's Magic Scroll Shop.
   514 | D:1      | Bought a scroll of identify for 22 gold pieces
   879 | D:2      | Reached skill level 5 in Ranged Weapons
   890 | D:2      | Reached XP level 3. HP: 18/18 MP: 4/4
  1352 | D:2      | Noticed Sigmund
  1354 | D:2      | Killed Sigmund
  1355 | D:2      | Reached XP level 4. HP: 22/22 MP: 5/5
  1355 | D:2      | Reached XP level 5. HP: 25/25 MP: 6/6
  1357 | D:2      | Found a faded altar of an unknown god.
  1578 | D:1      | Bought a scroll of summoning for 104 gold pieces
  1958 | D:3      | Found a bloodstained altar of Trog.
  2376 | D:4      | Noticed Blork the orc
  2601 | D:4      | Reached XP level 6. HP: 30/30 MP: 7/7
  3055 | D:4      | Killed Blork the orc
  3079 | D:4      | Found a glowing drain.
  3179 | Sewer    | Entered a sewer
  3795 | D:4      | Noticed Pikel
  3878 | D:4      | Killed Pikel
  3879 | D:4      | Reached XP level 7. HP: 31/36 MP: 8/8
  3879 | D:4      | Reached XP level 8. HP: 35/40 MP: 9/9
  4051 | D:5      | Entered Level 5 of the Dungeon
  4225 | D:5      | Reached skill level 5 in Stealth
  4290 | D:5      | Found a stormy altar of Qazlal.
  4485 | D:5      | Reached skill level 5 in Dodging
  4898 | D:6      | Found a staircase to the Ecumenical Temple.
  4908 | Temple   | Entered the Ecumenical Temple
  4993 | Temple   | Became a worshipper of Dithmenos the Shadowed
  5716 | D:6      | Reached XP level 9. HP: 30/46 MP: 10/10
  6166 | D:7      | Reached skill level 5 in Fighting
  6469 | D:7      | Found a snail-covered altar of Cheibriados.
  6527 | D:7      | Reached * piety under Dithmenos
  6598 | D:8      | Noticed Maurice
  6618 | D:7      | Reached skill level 10 in Ranged Weapons
  6914 | D:8      | Found a white marble altar of Elyvilon.
  6938 | D:8      | Found a radiant altar of Vehumet.
  6974 | D:8      | Killed Maurice
  6996 | D:8      | Found Pisoc's Vocational Training.
  7243 | D:8      | Noticed a queen bee
  7245 | D:8      | a queen bee changed into a hornet
  7246 | D:8      | Noticed a two-headed ogre
  7258 | D:8      | Reached XP level 10. HP: 53/53 MP: 11/11
  7260 | D:8      | Noticed a cane toad
  7260 | D:8      | a hornet changed into a cane toad
  7268 | D:8      | Killed a cane toad
  7270 | D:8      | Noticed a cyclops
  7283 | D:8      | Killed a cyclops
  7330 | D:8      | Killed a two-headed ogre
  7602 | D:8      | Reached ** piety under Dithmenos
  8652 | D:9      | Found a staircase to the Lair.
  8658 | D:9      | Reached skill level 1 in Armour
  8762 | D:9      | Found a basalt altar of Yredelemnul.
  8858 | D:9      | Noticed a gargoyle
  8910 | D:9      | Killed a gargoyle
  8911 | D:9      | Reached XP level 11. HP: 20/58 MP: 12/12
 10043 | D:9      | Found a sacrificial altar of Ru.
 10256 | D:8      | Bought a manual of Evocations for 880 gold pieces
 10333 | D:9      | Reached skill level 1 in Evocations
 10493 | Lair:1   | Entered Level 1 of the Lair of Beasts
 10555 | D:9      | HP: 2/58 [rime drake/flash freeze (8)]
 10895 | D:9      | Found a basalt altar of Yredelemnul.
 11578 | D:9      | Found a sacrificial altar of Ru.
 11766 | Lair:1   | Identified a scroll of acquirement
 11766 | Lair:1   | Acquired the +6 arbalest "Q" {elec, *Corrode +Blink rN+
                  | Int+3}
 11948 | Lair:1   | Reached *** piety under Dithmenos
 12364 | Lair:1   | Reached skill level 5 in Evocations
 13089 | Lair:2   | Reached skill level 5 in Armour
 13135 | Lair:2   | Reached **** piety under Dithmenos
 13397 | Lair:2   | Reached XP level 12. HP: 63/63 MP: 13/13
 13404 | Lair:2   | Identified the +1 robe "Bitseag" {Harm}
 13939 | Lair:2   | Found a hole to the Spider Nest.
 14312 | Lair:2   | Found a hole to the Spider Nest.
 14740 | Lair:3   | Noticed a death yak
 14741 | Lair:3   | Noticed a six-headed hydra
 14743 | Lair:3   | Noticed a death yak
 14744 | Lair:3   | Noticed a death yak
 14758 | Lair:3   | Killed a death yak
 14764 | Lair:3   | Killed a six-headed hydra
 14768 | Lair:3   | Killed a death yak
 14771 | Lair:3   | Killed a death yak
 14841 | Lair:3   | Noticed a six-headed hydra
 14856 | Lair:3   | Killed a six-headed hydra
 14874 | Lair:3   | Found a staircase to the Swamp.
 14935 | Lair:3   | Reached skill level 10 in Stealth
 15545 | Lair:4   | Reached skill level 15 in Ranged Weapons
 15632 | Lair:3   | Reached ***** piety under Dithmenos
 15675 | Lair:4   | Noticed a boulder beetle
 15681 | Lair:4   | Killed a boulder beetle
 15682 | Lair:4   | Reached XP level 13. HP: 68/68 MP: 14/14
 16329 | Lair:5   | Entered Level 5 of the Lair of Beasts
 16531 | Lair:5   | Reached skill level 10 in Dodging
 17067 | Lair:5   | Reached XP level 14. HP: 76/76 MP: 15/15
 17250 | Lair:5   | Found a viscous altar of Jiyva.
 17259 | Lair:5   | Found a staircase to the Slime Pits.
 17523 | D:10     | Entered Level 10 of the Dungeon
 17528 | D:10     | Reached skill level 10 in Fighting
 18133 | D:11     | Found a shimmering blue altar of Sif Muna.
 18866 | D:12     | Reached ****** piety under Dithmenos
 18867 | D:12     | Noticed Gastronok
 18876 | D:12     | Killed Gastronok
 18990 | D:12     | Found a staircase to the Orcish Mines.
 19550 | D:12     | Found a basalt altar of Yredelemnul.
 19568 | D:12     | Identified the ring "Ryqaih" {Int+6 Dex+7}
 19799 | D:12     | Noticed Rupert
 19803 | D:12     | Killed Rupert
 19960 | Orc:1    | Entered Level 1 of the Orcish Mines
 20341 | Orc:1    | Found a dark tunnel.
 20350 | Volcano  | Entered a volcano
 20391 | Volcano  | Reached XP level 15. HP: 83/83 MP: 16/16
 20912 | Orc:2    | Entered Level 2 of the Orcish Mines
 20912 | Orc:2    | Noticed Snorg
 20918 | Orc:1    | Killed Snorg
 21151 | Orc:2    | Found a staircase to the Elven Halls.
 21397 | Orc:2    | Noticed an orc warlord
 21415 | Orc:2    | Killed an orc warlord
 21664 | Orc:2    | Found Xeugif's Antique Armour Shop.
 21665 | Orc:2    | Found Lolatat's Antique Weapon Boutique.
 21667 | Orc:2    | Found Ixtosay's General Store.
 21667 | Orc:2    | Found Lyruzuagh's Book Shop.
 21673 | Orc:2    | Bought a manual of Dodging for 960 gold pieces
 21799 | Orc:2    | Reached skill level 15 in Stealth
 21879 | Orc:2    | Reached skill level 1 in Short Blades
 22396 | D:13     | Found a runed translucent door.
 22396 | D:13     | Found a shimmering altar of Xom.
 22396 | D:13     | Noticed bogdani's ghost (journeyman HOBe)
 22642 | D:13     | Found a gate to the Vaults.
 23592 | D:14     | Reached skill level 5 in Short Blades
 23890 | D:14     | Reached XP level 16. HP: 89/89 MP: 17/17
 24021 | D:14     | Reached skill level 15 in Dodging
 24287 | D:15     | Entered Level 15 of the Dungeon
 24558 | D:15     | Acquired +0 pearl dragon scales
 24954 | D:15     | Found a staircase to the Depths.
 25273 | Spider:1 | Entered Level 1 of the Spider Nest
 25326 | Spider:1 | Found a frozen archway.
 25590 | IceCv    | Entered an ice cave
 25608 | IceCv    | Learned a level 3 spell: Confusing Touch
 25616 | IceCv    | Learned a level 7 spell: Enfeeble
 25664 | IceCv    | Reached skill level 1 in Spellcasting
 25664 | IceCv    | Reached skill level 1 in Hexes
 25684 | IceCv    | Reached skill level 2 in Hexes
 25869 | IceCv    | Reached skill level 3 in Hexes
 26062 | IceCv    | Reached skill level 4 in Hexes
 26183 | IceCv    | Reached skill level 5 in Spellcasting
 26183 | IceCv    | Reached skill level 5 in Hexes
 26216 | IceCv    | Reached skill level 10 in Evocations
 26309 | IceCv    | Got the Compilation of Cold
 26500 | Spider:1 | Reached skill level 6 in Hexes
 26978 | Spider:2 | Reached XP level 17. HP: 94/94 MP: 28/28
 27095 | Spider:2 | Reached skill level 7 in Hexes
 27258 | Spider:2 | Reached skill level 9 in Hexes
 27258 | Spider:2 | Reached XP level 18. HP: 99/99 MP: 30/30
 27261 | Spider:2 | Noticed Arachne
 27286 | Spider:2 | Killed Arachne
 27368 | Spider:2 | Reached skill level 10 in Hexes
 28917 | Spider:3 | Reached skill level 11 in Hexes
 29087 | Spider:3 | Identified the +0 robe of an ossuary {Rampage +Blink rPois
                  | Int-5}
 29278 | Spider:3 | Reached skill level 10 in Spellcasting
 29599 | Spider:4 | Entered Level 4 of the Spider Nest
 29699 | Spider:4 | Noticed Bai Suzhen
 29713 | Spider:4 | Killed Bai Suzhen
 29714 | Spider:4 | Reached skill level 12 in Hexes
 30895 | Spider:4 | Identified the +1 pair of gloves of Noughts and Crosses
                  | {Regen+ Str+4 Stlth+}
 30907 | Spider:4 | Identified the +3 pair of boots of Prudence {Str+8}
 30922 | Spider:4 | Got a gossamer rune of Zot
 31187 | Elf:1    | Entered Level 1 of the Elven Halls
 31197 | Elf:1    | Reached skill level 13 in Hexes
 31210 | Elf:1    | Found a radiant altar of Vehumet.
 31451 | Elf:1    | Found Eciguh's Book Shoppe.
 31481 | Elf:1    | Reached XP level 19. HP: 103/103 MP: 35/35
 31483 | Elf:1    | Reached skill level 15 in Evocations
 31549 | Elf:1    | Identified the +2 long sword of Kigg {drain, rC+ Str+4
                  | Dex-3 SInv}
 31833 | Elf:1    | Noticed Roxanne
 32254 | Elf:2    | Reached skill level 14 in Hexes
 32344 | Elf:2    | Found Onkohump's General Store.
 32363 | Elf:2    | Bought a potion of heal wounds for 75 gold pieces
 32363 | Elf:2    | Bought 2 potions of curing for 90 gold pieces
 32459 | Elf:2    | Identified the +2 robe of Omog Hash {rElec rN+}
 32547 | Elf:2    | Reached skill level 15 in Hexes
 32547 | Elf:2    | Reached XP level 20. HP: 108/108 MP: 38/38
 32569 | Elf:2    | Got the Omnibus of the Evil Jaunt
 32852 | Elf:2    | Found a runed translucent gate.
 32852 | Elf:2    | Found a runed translucent gate.
 32853 | Elf:2    | Found a runed translucent gate.
 33061 | Elf:2    | Reached skill level 16 in Hexes
 33653 | Vaults:1 | Entered Level 1 of the Vaults
 33743 | Vaults:1 | Found a flickering gateway to a bazaar.
 33755 | Bazaar   | Entered a bazaar
 33764 | Bazaar   | Found Facoale's Antique Weapon Emporium.
 33777 | Bazaar   | Found Bagieg's Antique Weapon Shoppe.
 33794 | Bazaar   | Found Qoroagas's Antique Armour Shoppe.
 33805 | Bazaar   | Found Onea's Antique Armour Emporium.
 33828 | Bazaar   | Bought a glowing scarf for 256 gold pieces
 34258 | Vaults:1 | Reached skill level 15 in Spellcasting
 34279 | Vaults:1 | Reached skill level 17 in Hexes
 34502 | Vaults:1 | Identified the +3 great sword of Ozoneiddoo {vorpal, rF+
                  | Str+2}
 35270 | Vaults:2 | Found Sivynnaul's General Store.
 35346 | Vaults:2 | Identified the ring "Qabraned" {Fire Will+}
 35359 | Vaults:2 | Reached XP level 21. HP: 109/112 MP: 41/41
 35613 | Vaults:2 | Reached skill level 18 in Hexes
 35622 | Vaults:2 | Found the +18 shield of the Gong {rElec rN+ Will+ EV-5}
 35902 | Vaults:2 | Found a staircase to the Crypt.
 36269 | Vaults:2 | Noticed a golden dragon
 36288 | Vaults:2 | Killed a golden dragon
 36651 | Vaults:2 | Learned a level 2 spell: Blink
 36657 | Vaults:2 | Learned a level 5 spell: Yara's Violent Unravelling
 36664 | Vaults:2 | Learned a level 6 spell: Death Channel
 36693 | Vaults:3 | Found Okhluzxirch's Weapon Shoppe.
 36704 | Vaults:3 | Found Qacousan's Assorted Antiques.
 36734 | Vaults:3 | Noticed Sojobo
 37101 | Vaults:3 | Found Itiyneje's Antique Armour Shop.
 37117 | Vaults:3 | Reached skill level 1 in Necromancy
 37123 | Vaults:3 | Noticed Mara
 37202 | Vaults:3 | Killed Mara
 37362 | Vaults:3 | Noticed Zenata
 37383 | Vaults:3 | Killed Zenata
 37661 | Vaults:3 | Reached skill level 19 in Hexes
 37995 | Vaults:3 | Found a runed translucent gate.
 37995 | Vaults:3 | Found a runed translucent gate.
 37995 | Vaults:3 | Found an ancient bone altar of Kikubaaqudgha.
 37995 | Vaults:3 | Found a runed translucent gate.
 37995 | Vaults:3 | Noticed an ancient lich
 37996 | Vaults:3 | Noticed Hargh's ghost (adept MiBe)
 38092 | Vaults:3 | Found Hinyol's Antique Weapon Shoppe.
 38236 | Vaults:3 | Paralysed by an air elemental for 1 turns
 38416 | Vaults:3 | Noticed Mennas
 38638 | Swamp:1  | Entered Level 1 of the Swamp
 38665 | Swamp:1  | Noticed Louise
 38829 | Swamp:1  | Killed Louise
 39045 | Swamp:1  | Reached skill level 5 in Necromancy
 40633 | Swamp:4  | Entered Level 4 of the Swamp
 40757 | Swamp:4  | Reached XP level 22. HP: 106/118 MP: 44/44
 41152 | Swamp:4  | Got a decaying rune of Zot
 41188 | Swamp:4  | Noticed Kirke
 41208 | Swamp:4  | Killed Kirke
 41898 | Elf:3    | Entered Level 3 of the Elven Halls
 42343 | Elf:3    | Reached skill level 10 in Necromancy
 42743 | Elf:3    | Identified the ring "Hesess" {rPois rC+ EV+4 Str+5 Dex+8}
 42921 | Elf:3    | Identified the ring of Tomorrow {rElec rN+ SInv}
 42923 | Elf:3    | Identified the +2 ring mail of Trial and Error {*Corrode
                  | rN+ MP+9 Str+3}
 43042 | Elf:3    | Identified the amulet of Pebbo {RegenMP Str+7 Int-3 Dex+4}
 43362 | Elf:3    | Got the Cyclopedia of Adjuration and the Dead
 43370 | Elf:3    | Got Dacaciwn's Essays on Chthonic Blasts
 43462 | Elf:3    | Identified the +5 sling of Day {freeze, rC- Str+2 Int+2
                  | Dex+3}
 43467 | Elf:3    | Got Sif Muna's Folio of the Blizzard
 43468 | Elf:3    | Identified the +10 short sword of Severance {flame, MP-9
                  | Int+6 Stlth+}
 43496 | Elf:3    | Got Advanced Willworking
 43498 | Elf:3    | Identified the +0 leather armour "Toroytt" {rPois Will+
                  | SInv}
 43767 | Elf:3    | Identified the +2 scale mail "Waifric" {rC+ Int+4 SInv}
 43822 | Elf:3    | Found Idos's Jewellery Shop.
 43825 | Elf:3    | Paralysed by an air elemental for 1 turns
 45482 | Vaults:3 | Killed Mennas
 45483 | Vaults:3 | Reached skill level 1 in Shields
 45723 | Vaults:3 | Killed Sojobo
 46421 | Vaults:4 | Noticed Jory
 46454 | Vaults:4 | Killed Jory
 46960 | Vaults:4 | Noticed Margery
 46974 | Vaults:4 | Killed from afar by Margery

Illustrated notes

Levels and vault maps discovered:
D:1:      amcnicky_arrival_gap_in_the_tavern_cellar, layout_basic, serial_shops,
          shop, minmay_pentomino_x4
D:2:      minmay_skewed_foursquare, layout_basic,
          chequers_ecumenical_altar_island, uniq_sigmund
D:3:      layout_loops_ring, mainiacjoe_overflow_surrounded_room
D:4:      layout_layer_cave, portal_sewer_entry_d, uniq_pikel,
          uniq_blork_the_orc
D:5:      layout_basic, lemuel_round_altar
D:6:      layout_rooms, minmay_temple_entry_hall, chequers_jeans
D:7:      layout_gridville, chei_slow_surprise
D:8:      minmay_ornate_pinched, layout_cave_pools, mainiacjoe_overflow_swirl,
          nicolae_shop_vocational, uniq_maurice
D:9:      minmay_polygon_palace, layout_loops_corners, nicolae_ru_path_of_blood,
          mainiacjoe_overflow_cross_hatched
D:10:     layout_irregular_city
D:11:     layout_loops_ring, nicolae_sif_muna_condensation
D:12:     lemuel_vampire_tower, layout_basic, zombieorc2_lemuel,
          nrook_guardian_serpent_double, uniq_rupert, uniq_gastronok
D:13:     minmay_ice_pillars, layout_basic, david_vaults_4, ebering_ghost_xom,
          evilmike_minifort
D:14:     minmay_imperfect_grid, layout_irregular_city, serial_park_avenue1
D:15:     grunt_enter_depths_snipers, layout_stronghold, serial_column_ruins,
          column_ruins_grid_1, column_ruins_columns_water,
          column_ruins_open_small, column_ruins_open_medium,
          column_ruins_columns_dead_end, minivault_27,
          nicolae_kite_square_tiling_tiny
Temple:   nicolae_temple_bog_church
Lair:1:   layout_cellular_growth, gauntlet_entry_generic, evilmike_ambush
          [evilmike_ambush_outer_pillars, evilmike_ambush_inner_pond],
          lemuel_fruit_tree, serial_bayou_shore_a
Lair:2:   regret_index_wax_grids, layout_small_grid,
          nicolae_spider_entry_orb_guardian, beast_lair_carwin_2
Lair:3:   layout_layer_cave, swamp_mist_pool
Lair:4:   layout_gridlike, nzn_sisyphean_effort, infiniplex_staircase_pool_2
Lair:5:   minmay_lair_end_frog_pond, layout_regular_city,
          minmay_slime_entry_pillars, st_stairs_6
Swamp:1:  layout_basic_swamp, hangedman_swamp_lotus, uniq_louise
Swamp:2:  layout_falls_marsh, evilmike_swamp_ruin_rubble_2,
          infiniplex_staircase_pool
Swamp:3:  layout_basic_swamp, hangedman_swamp_blocks
Swamp:4:  swamp_alternative, layout_basic_swamp, swamp_pool1, uniq_kirke
Spider:1: layout_spider_delve, portal_ice_cave_entry_ice_statue_two,
          nicolae_spider_nooks_and_crannies
Spider:2: layout_chambers, nicolae_spider_paper_wasps, uniq_arachne
Spider:3: layout_cave_pods
Spider:4: spider_rune_water, nicolae_spider_cling_ruins, uniq_bai_suzhen
Orc:1:    layout_caves, nicolae_volcano_entry_batcave, mines_bat_river
Orc:2:    st_orc_congregation, layout_caves, minmay_orc_temple_c, uniq_snorg
Elf:1:    eino_elf_arrival_altar, layout_gridlike, serial_shops,
          nicolae_shop_statue_plus, hangedman_corner_corridor,
          solitary_fountain, uniq_roxanne
Elf:2:    nicolae_elf_blades_splatter_lattice
          [nicolae_blade_entry_crossed_weapons], layout_geoelf_diagonals,
          serial_shops, shop, fake_guardian_serpent_vault
Elf:3:    elf_hall_gauntlet_narrow, layout_geoelf_diagonals, serial_shops, shop
Vaults:1: nicolae_vaults_stairing_the_circle, hangedman_vaults_slice,
          ontoclasm_vaults_idyll, ontoclasm_vaults_tryst, v_misc_9,
          nicolae_vaults_little_squares_3, nicolae_vaults_yaktaur_gun_rack,
          nicolae_vaults_network_quincunx
          [nicolae_vaults_network_quincunx_subvault,
          nicolae_vaults_network_quincunx_subvault,
          nicolae_vaults_network_quincunx_subvault,
          nicolae_vaults_network_quincunx_subvault,
          nicolae_vaults_network_quincunx_subvault],
          nicolae_vaults_ninety_degrees, layout_vaults_maze_bifur, serial_shops,
          bzr_firewalk
Vaults:2: hellmonk_guarded_unrand_gong, nicolae_vaults_network_s,
          dpeg_vaults_monster_row, v_misc_18, v_pattern_5,
          nicolae_vaults_sealed_display, ontoclasm_vaults_eye,
          minmay_crypt_entry_simple_box, nicolae_vaults_little_squares_5,
          vaults_dpeg_cross, nicolae_vaults_ring_of_whatevers, v_misc_24,
          layout_vaults_ring, serial_shops, nicolae_square_shop
Vaults:3: gammafunk_ghost_crypt, ontoclasm_vaults_loading_screen,
          nicolae_vaults_fighting_squares, vaults_room_ringed_pool,
          vaults_mumra_chevron_long, hangedman_vaults_nails,
          hangedman_vaults_nails, grunt_vaults_diagonal, vaults_room_large_hall,
          nicolae_vaults_little_squares_3, layout_vaults_omnicross,
          serial_shops, shop, nicolae_shop_overgrown_old_shop,
          nicolae_shop_trees, shop, uniq_sojobo, uniq_mara, uniq_mennas,
          uniq_zenata
Vaults:4: nicolae_vaults_circle_grid_b, v_rooms_3, v_misc_14,
          nicolae_vaults_little_squares_3, vaults_room_stairs_pillars,
          layout_vaults_omnigrid, uniq_jory, uniq_margery

Skill      XL: |  1  2  3  4  5  6  7  8  9 10 11 12 13 14 15 16 17 18 19 20 21 22 |
---------------+-------------------------------------------------------------------+-----
Ranged Weapons | 5 6 7 8 9 10 12 13 15 16 17 18 | 18.0
Stealth        | 4 6 8 9 10 12 14 16 18 | 18.0
Fighting       | 3 4 6 7 8 9 11 12 13 | 13.1
Dodging        | 4 5 7 8 9 10 12 14 16 17 | 17.7
Armour         | 2 5 7 |  7.0
Evocations     | 7 8 10 11 14 16 | 16.0
Short Blades   | 5 8 |  8.0
Spellcasting   | 6 7 11 13 15 17 | 17.0
Hexes          | 6 9 13 15 17 19 | 19.0
Necromancy     | 7 13 | 13.3
Shields        | 3 |  3.5

Action                   |  1- 3 |  4- 6 |  7- 9 | 10-12 | 13-15 | 16-18 | 19-21 | 22-24 || total
-------------------------+-------+-------+-------+-------+-------+-------+-------+-------++-------
Melee: Short sword       |       |     5 |    68 |    81 |    17 |     6 |     6 |       ||   183
       Punch             |       |       |     2 |     1 |       |       |       |     1 ||     4
       Dagger            |       |       |       |       |       |       |    51 |    25 ||    76
       Quick blade       |       |       |       |       |       |       |       |    82 ||    82
 Fire: Shortbow          |    68 |   197 |   244 |    97 |       |       |       |       ||   606
       Arbalest          |       |       |       |   407 |  1058 |   901 |   974 |   375 ||  3715
 Cast: Enfeeble          |       |       |       |       |       |       |    31 |    78 ||   109
       Death Channel     |       |       |       |       |       |       |       |     5 ||     5
Invok: Shadow Step       |       |       |       |       |       |       |     2 |       ||     2
Evoke: Condenser vane    |       |       |       |       |     3 |     2 |     4 |     2 ||    11
       Wand              |       |       |       |       |     3 |       |     5 |       ||     8
       Phial of floods   |       |       |       |       |       |     2 |     1 |       ||     3
       Lightning rod     |       |       |       |       |       |       |     8 |       ||     8
       Phantom mirror    |       |       |       |       |       |       |       |     1 ||     1
  Use: Scroll            |     7 |     3 |     7 |     9 |     7 |     6 |     7 |    12 ||    58
       Potion            |       |     2 |       |     2 |     1 |     5 |     5 |     8 ||    23
 Stab: Sleeping          |       |       |       |     3 |     3 |     3 |    33 |    20 ||    62
       Invisible         |       |       |       |       |       |       |     6 |    17 ||    23
       Distracted        |       |       |       |       |       |       |     1 |     1 ||     2
Armor: Robe              |       |     5 |     5 |       |       |       |       |       ||    10
       Acid dragon scale |       |       |       |    45 |    48 |    43 |    26 |    10 ||   172
       Pearl dragon scal |       |       |       |       |       |       |       |     1 ||     1
Dodge: Dodged            |     6 |    21 |   107 |   324 |   369 |   651 |   547 |   283 ||  2308
Block: Buckler           |       |       |       |       |       |       |       |    10 ||    10
